 Dungeon Crawl Stone Soup version 0.28-a0-1629-gf728b707aa (webtiles) character file.

Game seed: 3241811276253367412

168 Vibzy the Covered (level 5, -2/47 HPs)
             Began as a Minotaur Fighter on Jan 22, 2022.
             Was a Priest of Ignis.
             Slain by a gnoll (7 damage)
             ... on level 2 of the Dungeon on Jan 24, 2022.
             The game lasted 00:15:00 (1825 turns).

Vibzy the Covered (Minotaur Fighter)                Turns: 1825, Time: 00:15:00

Health: -2/47      AC: 14    Str: 23    XL:     5   Next: 23%
Magic:  4/4        EV:  9    Int:  5    God:    Ignis [***...]
Gold:   61         SH:  4    Dex:  9    Spells: 4/4 levels left

rFire   + . .      SeeInvis .   a - +0 long sword
rCold   . . .      Faith    .   c - +0 buckler
rNeg    . . .      Spirit   .   b - +0 scale mail
rPois   .          Reflect  .   (helmet restricted)
rElec   .          Harm     .   (no cloak)
rCorr   .          Rampage  .   (no gloves)
Will    .....                   (no boots)
Stlth   ..........              (no amulet)
HPRegen 0.15/turn               (no ring)
MPRegen 0.09/turn               (no ring)

@: fiery-armoured, slowed, very slow
A: horns 2, retaliatory headbutt
a: Renounce Religion, Fiery Armour, Foxfire Swarm


You were on level 2 of the Dungeon.
You worshipped Ignis.
Ignis was most pleased with you.
You visited 1 branch of the dungeon, and saw 2 of its levels.

You collected 61 gold pieces.

Inventory:

Hand Weapons
 a - a +0 long sword (weapon)
 i - a +0 club
 j - a +0 club
 s - a +0 dagger
 v - a +0 club
 w - a +0 club
 x - a +0 dagger
 y - a +0 dagger
 A - a +0 club
 C - a +0 whip
 D - a +0 whip
 E - a +0 spear
Missiles
 e - 2 curare-tipped darts (quivered)
 f - 23 arrows
 k - 50 stones
 p - 2 javelins
Armour
 b - a +0 scale mail (worn)
 c - a +0 buckler (worn)
 g - a +0 leather armour
 h - a +0 robe
 q - a +0 robe
Scrolls
 l - a scroll of fog {unknown}
 o - a scroll of summoning {unknown}
 t - a scroll of identify {unknown}
 u - a scroll of holy word {unknown}
 z - a scroll of teleportation {unknown}
 B - a scroll of blinking {unknown}
Potions
 d - a potion of might
 m - a potion of magic {unknown}
 n - 4 potions of curing {unknown}
 r - 2 potions of heal wounds {unknown}


   Skills:
 + Level 4.4 Fighting
 + Level 4.2 Long Blades
 + Level 4.8 Armour
 + Level 0.8 Dodging
 + Level 0.8 Stealth
 + Level 4.2 Shields


You had 4 spell levels left.
You didn't know any spells.
Your spell library contained the following spells:

 Spells                   Type           Power      Damage    Failure   Level
 Magic Dart               Conj           0%         1d3       86%         1
 Call Imp                 Summ           0%         N/A       95%         2
 Mephitic Cloud           Conj/Pois/Air  0%         N/A       99%         3


Dungeon Overview and Level Annotations

Branches:
Dungeon (2/15)

Altars:
Beogh
Ignis


Innate Abilities, Weirdness & Mutations

You have a pair of horns on your head.
You reflexively headbutt those who attack you in melee.


Message History

The gnoll is almost dead.
The gnoll closely misses you. x2; The gnoll hits you but does no damage.
The gnoll is burned by your cloak of flames.
The gnoll is heavily wounded.
The gnoll closely misses you.
The gnoll hits you from afar with a +0 spear.
* * * LOW HITPOINT WARNING * * *
You closely miss the gnoll.
The gnoll is almost dead.
The gnoll hits you but does no damage.
The gnoll is burned by your cloak of flames.
You kill the gnoll!
The gnoll hits you but does no damage. The gnoll completely misses you.
The gnoll hits you but does no damage.
The gnoll is burned by your cloak of flames.
The gnoll is almost dead.
The gnoll hits you from afar with a +0 halberd.
* * * LOW HITPOINT WARNING * * *
You block the gnoll's attack.
You hit the gnoll.
You kill the gnoll!
You block the gnoll's attack. The gnoll barely misses you.
You furiously retaliate!
You headbutt the gnoll. The gnoll barely misses you.
You closely miss the gnoll.
The gnoll is heavily wounded.
The gnoll hits you but does no damage.
The gnoll is burned by your cloak of flames.
You kill the gnoll!
The gnoll barely misses you.
The gnoll hits you from afar with a +0 halberd.
* * * LOW HITPOINT WARNING * * *
Saving game... please wait.
Welcome back, Vibzy the Minotaur Fighter.
The flames of Ignis gently warm you.
Press ? for a list of commands and other information.
You block the gnoll's attack.
Items here: $ ))) †††.
You closely miss the gnoll. The gnoll closely misses you.
The gnoll hits you with a +0 halberd!
You die...

#.......# #.#
####.#################.####
#..........................
#.##.#####.##....#####.####
#.#....# #.##....#####'####
#.#..#.# #.##....##........
#.#..#.# #.##....##.....###
#.#..#.# #.##....##.....#
#.#..#.###@##....##.....#
#######.#..#.#.g..###'###.....#
........####.#....# #g# #.....#
#######>........†.# #g# #######
##########'####.# #....#g#
#....#g# #....#+### #........#


You could see a gnoll.

Vanquished Creatures
  Natasha (twice) (D:2)
  6 gnolls (D:2)
  An adder (D:2)
  A worm (D:2)
  A dart slug (D:1)
  4 bats
  An endoplasm (D:2)
  5 giant cockroaches (D:1)
  4 goblins
  3 hobgoblins
  A quokka (D:1)
  9 ball pythons
  4 frilled lizards
  3 kobolds
  6 rats
51 creatures vanquished.

Vanquished Creatures (others)
  12 foxfires (D:2)
12 creatures vanquished.

Grand Total: 63 creatures vanquished

Notes
Turn   | Place    | Note
-------+----------+-------------------------------------------
     0 | D:1      | Vibzy the Minotaur Fighter began the quest for the Orb.
     0 | D:1      | Reached XP level 1. HP: 19/19 MP: 0/0
   208 | D:1      | Reached XP level 2. HP: 27/27 MP: 1/1
   208 | D:1      | Upgraded the game from 0.28-a0-1613-gdaab1c2f9b to
                  | 0.28-a0-1616-g050a50673c
   607 | D:1      | Found a faded altar of an unknown god.
   621 | D:1      | Prayed at the altar of an unknown god.
   621 | D:1      | Became a worshipper of Ignis, the Dying Flame
   804 | D:1      | Reached XP level 3. HP: 33/33 MP: 2/2
  1461 | D:1      | You fall into a shaft and drop 1 floor!
  1710 | D:2      | Reached XP level 4. HP: 34/40 MP: 3/3
  1770 | D:2      | Noticed Natasha
  1775 | D:2      | Killed Natasha
  1799 | D:2      | Noticed Natasha
  1811 | D:2      | Killed Natasha
  1812 | D:2      | Reached XP level 5. HP: 18/47 MP: 4/4
  1824 | D:2      | Upgraded the game from 0.28-a0-1616-g050a50673c to
                  | 0.28-a0-1629-gf728b707aa
  1825 | D:2      | Slain by a gnoll

Illustrated notes

Levels and vault maps discovered:
D:1:      sevenhm_arrival_forest_fort_large_2, layout_loops_corners,
          hellmonk_ecumenical_altar_defaced_shrine, minmay_worlds_worst_comb
D:2:      layout_basic, nrook_campfire, amcnicky_mini_pool_small,
          hangedman_glass_teeth, uniq_natasha

Skill      XL: |  1  2  3  4 |
---------------+-------------+-----
Armour         | 4 |  4.8
Fighting       | 4 |  4.4
Long Blades    | 3 4 |  4.2
Shields        | 4 |  4.2
Dodging        | |  0.8
Stealth        | |  0.8

Action                   |  1- 3 |  4- 6 || total
-------------------------+-------+-------++-------
Melee: Long sword        |    73 |    16 ||    89
       Headbutt          |     5 |     2 ||     7
Invok: Fiery Armour      |     2 |     1 ||     3
       Foxfire Swarm     |     2 |       ||     2
       Rising Flame      |     1 |       ||     1
Armor: Scale mail        |    43 |    11 ||    54
Dodge: Dodged            |    39 |    17 ||    56
Block: Buckler           |    15 |     8 ||    23

Table legend: (Time is in decaauts)
 A = Elapsed time spent in this place.
 B = Non-inter-level travel time spent in this place.
 C = Inter-level travel time spent in this place.
 D = Time resting spent in this place.
 E = Time spent auto-exploring this place.
 F = Levels seen in this place.
 G = Mean time per level.
                   A        B        C        D        E       F      G
               +--------+--------+--------+--------+--------+-----+--------+
         Total |   1863 |   1653 |    210 |     14 |   1043 |   2 |  931.5 |
       Dungeon |   1863 |   1653 |    210 |     14 |   1043 |   2 |  931.5 |
               +--------+--------+--------+--------+--------+-----+--------+

Top non-repeatable levels by time:
     D:1: 1151 daAuts
     D:2: 712 daAuts
